 Dungeon Crawl Stone Soup version 0.31-a0-222-gefeffbb62a (webtiles) character file.

Game seed: 5660422774147346706

532 qw the Chopper (level 7, -1/48 HPs)
             Began as a Gargoyle Fighter on July 4, 2023.
             Slain by a water moccasin zombie (4 damage)
             ... on level 5 of the Dungeon.
             The game lasted 00:01:52 (3181 turns).

qw the Chopper (Gargoyle Fighter)                   Turns: 3181, Time: 00:01:53

Health: -1/48      AC: 19    Str: 21    XL:     7   Next: 24%
Magic:  7/7        EV:  6    Int: 12    God:
Gold:   219        SH:  4    Dex:  8    Spells: 6/6 levels left

rFire   . . .        Y - +0 war axe
rCold   + . .        c - +0 buckler
rNeg    + + .        m - +0 plate armour
rPois   inf          (no helmet)
rElec   +            (no cloak)
rCorr   .            b - +0 pair of gloves "Umugotem" {rC+}
SInv    .            l - +0 pair of boots
Will    .....        e - amulet of faith Stlth
                     i - ring of positive energy
HPRegen 0.28/turn    (no ring)
MPRegen 0.10/turn

%: faith
@: no status effects
A: sickness immunity, AC +4, negative energy resistance 1, electricity
resistance, torment resistance 1, petrification resistance, clever 1, robust 1
a: no special abilities


You were on level 5 of the Dungeon.
You visited 1 branch of the dungeon, and saw 5 of its levels.

You collected 219 gold pieces.


Innate Abilities, Weirdness & Mutations

You are immune to sickness and miasma.
Your stone body is resilient. (AC +4)
You are immune to poison.
You resist negative energy. (rN+)
You are resistant to electric shocks. (rElec)
You are resistant to unholy torment.
You are immune to petrification.
Your mind is acute. (Int +4, Str/Dex -1)
You are robust. (+10% HP)


   Skills:
 - Level 4.4 Fighting
 + Level 6.2 Axes
 - Level 4.2 Armour
 - Level 3.2 Shields


You had 6 spell levels left.
You didn't know any spells.
Your spell library was empty.

Inventory:

Hand Weapons
 g - a +0 whip
 Y - a +0 war axe (weapon)
Missiles
 f - 2 boomerangs (quivered)
Armour
 b - the +0 pair of gloves "Umugotem" (worn) {rC+}
   (You acquired it on level 3 of the Dungeon)

   rC:        It protects you from cold.
 c - a +0 buckler (worn)
 l - a +0 pair of boots (worn)
 m - a +0 plate armour (worn)
Jewellery
 e - an amulet of faith (around neck)
 i - a ring of positive energy (left hand)
Scrolls
 h - a scroll of identify
Potions
 a - a potion of mutation
 d - 2 potions of might
 j - 3 potions of curing
 k - 2 potions of enlightenment
 o - a potion of resistance

Dungeon Overview and Level Annotations

Branches:
Dungeon (5/15)
 Temple: D:4-7

Altars:

Shops:
D:1 =   D:4 :

Annotations:
D:3 2 transporters, qw's ghost, weakling GrHs


Message History

You hit the gnoll bouda but do no damage.
You hit the water moccasin zombie.
The water moccasin zombie bites you but does no damage.
The gnoll hits you but does no damage.
The gnoll hits you from afar with a +0 spear.
The gnoll hits you but does no damage. The gnoll barely misses you.
You slash the gnoll!
You kill the gnoll!
You hit the water moccasin zombie. You hit the gnoll bouda.
The gnoll is no longer moving quickly.
The gnoll hits you but does no damage. The gnoll barely misses you.
The water moccasin zombie bites you but does no damage.
The gnoll bouda hits you but does no damage.
The gnoll hits you but does no damage. x2
You hit the gnoll bouda.
The gnoll bouda is heavily wounded.
You hit the water moccasin zombie.
The water moccasin zombie bites you but does no damage.
The gnoll bouda barks out a call to the hunt!
The gnoll picks up the pace!
The gnoll hits you but does no damage. The gnoll barely misses you.
The water moccasin zombie bites you.
You completely miss the gnoll bouda.
The gnoll bouda is heavily wounded.
You hit the water moccasin zombie.
Your attacks no longer feel as feeble.
The water moccasin zombie bites you but does no damage.
The gnoll bouda hits you but does no damage.
You block the gnoll's attack. x2
You slash the gnoll bouda!
You kill the gnoll bouda!
You barely miss the water moccasin zombie.
The water moccasin zombie bites you but does no damage.
The gnoll hits you but does no damage. x2
The water moccasin zombie bites you but does no damage.
You hit the water moccasin zombie but do no damage.
The water moccasin zombie is heavily damaged.
The gnoll is no longer moving quickly.
The gnoll hits you but does no damage. You block the gnoll's attack.
The water moccasin zombie bites you.
You die...

...........#
......%....#..#
.......<...#..#
...######'##..#
......# ..#
......#...#
#.#..88#..#
#+###.#...)#..#
#........gZ@..#
#......8.g))..#
#..........#..#
#..........#..+
#..........#..#
########+######


You could see 2 gnolls and a water moccasin zombie.

Vanquished Creatures
  2 phantoms
  A bullfrog (D:3)
  A water moccasin skeleton (D:5)
  A gnoll bouda (D:5)
  A scorpion zombie (D:5)
  A hound zombie (D:5)
  5 adders
  8 gnolls
  An ufetubus (D:4)
  A worm (D:4)
  A dart slug (D:2)
  3 orcs
  6 bats
  4 endoplasms
  4 giant cockroaches
  5 hobgoblins
  2 jackals (D:4)
  A quokka (D:2)
  4 ball pythons
  6 frilled lizards
  8 goblins
  6 kobolds
  8 rats
80 creatures vanquished.

Notes
Turn   | Place    | Note
-------+----------+-------------------------------------------
     0 | D:1      | qw the Gargoyle Fighter began the quest for the Orb.
     0 | D:1      | Reached XP level 1. HP: 14/14 MP: 1/1
     0 | D:1      | 0 ||| qw: Version: 0.3-a-46-gb1f654a
     0 | D:1      | 0 ||| qw: Game counter: 934
     0 | D:1      | 0 ||| qw: Melee chars always use a shield: true
     0 | D:1      | 0 ||| qw: God list: Okawaru
     0 | D:1      | 0 ||| qw: Allow faded altars: false
     0 | D:1      | 0 ||| qw: Do Orc after clearing Dungeon:15 true
     0 | D:1      | 0 ||| qw: Do second Lair branch before Depths: true
     0 | D:1      | 0 ||| qw: Lair rune preference: random
     0 | D:1      | 0 ||| qw: Goals: Normal, Zot:1-4, Slime:5, God:TSO, Crypt,
                  | Tomb, Abyss, Pan, Hells, Win
     0 | D:1      | 0 ||| PLANNING D:1-11
    24 | D:1      | Reached skill level 2 in Axes
    87 | D:1      | Found Cashiqun's Jewellery Boutique.
    91 | D:1      | 91 ||| Stepping ~*~*~tactically~*~*~ (stealth).
    97 | D:1      | Reached XP level 2. HP: 14/19 MP: 2/2
   159 | D:1      | 159 ||| FLEEEEING.
   160 | D:1      | 160 ||| FLEEEEING.
   190 | D:1      | 190 ||| DROPPING +0 club.
   197 | D:1      | 197 ||| SHOPLISTING amulet of reflection (360 gold, have
                  | 0).
   197 | D:1      | 197 ||| SHOPLISTING amulet of the acrobat (360 gold, have
                  | 0).
   197 | D:1      | 197 ||| SHOPLISTING ring of protection from fire (300 gold,
                  | have 0).
   197 | D:1      | 197 ||| SHOPLISTING ring of see invisible (180 gold, have
                  | 0).
   444 | D:1      | Reached skill level 3 in Axes
   444 | D:1      | Reached XP level 3. HP: 7/23 MP: 3/3
   444 | D:1      | 444 ||| FLEEEEING.
   445 | D:1      | 445 ||| FLEEEEING.
   446 | D:1      | 446 ||| FLEEEEING.
   447 | D:1      | 447 ||| FLEEEEING.
   449 | D:1      | 449 ||| FLEEEEING.
   450 | D:1      | 450 ||| FLEEEEING.
   451 | D:1      | 451 ||| FLEEEEING.
   452 | D:1      | 452 ||| FLEEEEING.
   453 | D:1      | 453 ||| FLEEEEING.
   454 | D:1      | 454 ||| FLEEEEING.
   455 | D:1      | 455 ||| FLEEEEING.
   456 | D:1      | 456 ||| FLEEEEING.
   457 | D:1      | 457 ||| FLEEEEING.
   458 | D:1      | 458 ||| FLEEEEING.
   459 | D:1      | 459 ||| FLEEEEING.
   460 | D:1      | 460 ||| FLEEEEING.
   461 | D:1      | 461 ||| FLEEEEING.
   462 | D:1      | 462 ||| FLEEEEING.
   464 | D:1      | 464 ||| FLEEEEING.
   465 | D:1      | 465 ||| FLEEEEING.
   466 | D:1      | 466 ||| FLEEEEING.
   467 | D:1      | 467 ||| FLEEEEING.
   468 | D:1      | 468 ||| FLEEEEING.
   469 | D:1      | 469 ||| FLEEEEING.
   470 | D:1      | 470 ||| FLEEEEING.
   471 | D:1      | 471 ||| FLEEEEING.
   472 | D:1      | 472 ||| FLEEEEING.
   473 | D:1      | 473 ||| FLEEEEING.
   474 | D:1      | 474 ||| FLEEEEING.
   475 | D:1      | 475 ||| FLEEEEING.
   476 | D:1      | 476 ||| FLEEEEING.
   477 | D:1      | 477 ||| FLEEEEING.
   478 | D:1      | 478 ||| FLEEEEING.
   479 | D:1      | 479 ||| FLEEEEING.
   480 | D:1      | 480 ||| FLEEEEING.
   481 | D:1      | 481 ||| FLEEEEING.
   482 | D:1      | 482 ||| FLEEEEING.
   483 | D:1      | 483 ||| FLEEEEING.
   484 | D:1      | 484 ||| FLEEEEING.
   485 | D:1      | 485 ||| FLEEEEING.
   486 | D:1      | 486 ||| FLEEEEING.
   487 | D:1      | 487 ||| FLEEEEING.
   488 | D:1      | 488 ||| FLEEEEING.
   489 | D:1      | 489 ||| FLEEEEING.
   490 | D:1      | 490 ||| FLEEEEING.
   491 | D:1      | 491 ||| FLEEEEING.
   492 | D:1      | 492 ||| FLEEEEING.
   493 | D:1      | 493 ||| FLEEEEING.
   494 | D:1      | 494 ||| FLEEEEING.
   497 | D:1      | 497 ||| FLEEEEING.
   855 | D:1      | 855 ||| READING scroll labelled JETOBB ZUOGEI.
   956 | D:1      | 956 ||| READING 2 scrolls labelled YTIAS REASM.
   957 | D:1      | 957 ||| READING 2 scrolls labelled DEGUJ ITRORO.
   958 | D:1      | 958 ||| READING scroll labelled IFUELL VYIHUNA.
   959 | D:1      | 959 ||| DROPPING scroll of poison.
  1181 | D:2      | 1181 ||| Stepping ~*~*~tactically~*~*~ (hiding).
  1506 | D:2      | 1506 ||| UPGRADING to +0 pair of boots.
  1511 | D:2      | 1511 ||| UPGRADING to amulet of faith.
  1516 | D:2      | 1516 ||| UPGRADING to ring of positive energy.
  1517 | D:2      | 1517 ||| READING scroll labelled KOCWI HUFOHEWEE.
  1518 | D:2      | 1518 ||| READING scroll labelled ULEWOMN PAHOU.
  1519 | D:2      | 1519 ||| DRINKING 2 fizzy green potions.
  1519 | D:2      | Gained mutation: Your mind is acute. (Int +4, Str/Dex -1)
                  | [potion of mutation]
  1519 | D:2      | Gained mutation: You are robust. (+10% HP) [potion of
                  | mutation]
  1525 | D:2      | 1525 ||| DRINKING 3 grey potions.
  1526 | D:2      | 1526 ||| READING 3 scrolls of identify.
  1526 | D:2      | 1526 ||| IDENTIFYING golden potion
  1527 | D:2      | 1527 ||| READING 2 scrolls of identify.
  1527 | D:2      | 1527 ||| IDENTIFYING lumpy pink potion
  1528 | D:2      | 1528 ||| DROPPING potion of degeneration.
  1550 | D:3      | Noticed a phantom
  1558 | D:3      | Killed a phantom
  1559 | D:3      | Reached skill level 4 in Axes
  1559 | D:3      | Reached XP level 4. HP: 30/30 MP: 4/4
  1559 | D:3      | Reached XP level 5. HP: 35/35 MP: 5/5
  1751 | D:3      | 1751 ||| Stepping ~*~*~tactically~*~*~ (stealth).
  1829 | D:3      | Reached skill level 5 in Axes
  1837 | D:3      | Reached XP level 6. HP: 29/42 MP: 6/6
  1894 | D:3      | 1894 ||| Stepping ~*~*~tactically~*~*~ (stealth).
  2028 | D:3      | Found a transporter.
  2033 | D:3      | Noticed qw's ghost (weakling GrHs)
  2035 | D:3      | Found a transporter.
  2280 | D:3      | 2280 ||| UPGRADING to +0 plate armour.
  2290 | D:3      | 2290 ||| DROPPING +0 scale mail.
  2291 | D:3      | 2291 ||| READING scroll labelled ODIYNI ORREM.
  2291 | D:3      | Identified a scroll of acquirement
  2291 | D:3      | 2291 ||| ACQUIRING +0 pair of gloves "Umugotem" {rC+}
  2291 | D:3      | Acquired the +0 pair of gloves "Umugotem" {rC+}
  2293 | D:3      | 2293 ||| UPGRADING to +0 pair of gloves "Umugotem" {rC+}.
  2298 | D:3      | 2298 ||| READING 2 scrolls of identify.
  2298 | D:3      | 2298 ||| IDENTIFYING fizzy silvery potion
  2299 | D:3      | 2299 ||| DROPPING potion of invisibility.
  2337 | D:4      | 2337 ||| Stepping ~*~*~tactically~*~*~ (hiding).
  2571 | D:4      | 2571 ||| Stepping ~*~*~tactically~*~*~ (stealth).
  2904 | D:4      | Found Ifenwargh's Book Shop.
  3050 | D:4      | 3050 ||| READING scroll labelled OMYIMO IMUGODO.
  3051 | D:4      | 3051 ||| READING scroll labelled DENE RICKARIS.
  3075 | D:4      | 3075 ||| READING scroll labelled YRU ATHIFO.
  3076 | D:4      | 3076 ||| READING 2 scrolls of identify.
  3076 | D:4      | 3076 ||| IDENTIFYING amethyst potion
  3105 | D:5      | Entered Level 5 of the Dungeon
  3114 | D:5      | 3114 ||| STAIRDANCE
  3164 | D:5      | Reached skill level 6 in Axes
  3170 | D:5      | Reached XP level 7. HP: 18/48 MP: 7/7
  3173 | D:5      | HP: 12/48 [gnoll/+0 spear[a gnoll bouda] (1)]
  3176 | D:5      | HP: 4/48 [gnoll/+0 spear[a gnoll bouda] (3)]
  3181 | D:5      | Slain by a water moccasin zombie

Levels and vault maps discovered:
D:1:      amcnicky_arrival_underground_garden, layout_basic, serial_shops, shop
D:2:      layout_basic
D:3:      layout_loops_ring, gammafunk_ghost_smash, hangedman_feature_mirror
D:4:      layout_loops_cross, serial_shops, kennysheep_little_box
D:5:      layout_gridville, nicolae_qazlal_general_emergency,
          minmay_temple_entry_wispy, serial_shops, shop, serial_undead,
          serial_undead_c, serial_undead_e, serial_undead_e, serial_undead_e,
          serial_undead_a, serial_undead_f, serial_undead_d, serial_undead_e,
          serial_undead_a, serial_undead_c, nicolae_specific_store,
          grunt_decor_junction, uniq_edmund

Skill      XL: |  1  2  3  4  5  6  7 |
---------------+----------------------+-----
Axes           | 2 3 4 5 6 |  6.2
Fighting       | 4 |  4.4
Armour         | 4 |  4.2
Shields        | |  3.2

Action                     |  1- 3 |  4- 6 |  7- 9 || total
---------------------------+-------+-------+-------++-------
  Melee: War axe           |   132 |   116 |    12 ||   260
  Throw: Boomerang         |       |    19 |       ||    19
    Use: Scroll            |     8 |     6 |       ||    14
         Potion            |     2 |       |       ||     2
 Armour: Scale mail        |    76 |    33 |       ||   109
         Plate armour      |       |    70 |    33 ||   103
  Dodge: Dodged            |    55 |    54 |     9 ||   118
  Block: Buckler           |    23 |    33 |     9 ||    65

Table legend:
 A = Non-vault XP
 B = Vault XP
 C = Vault XP percentage of total XP
 D = Non-vault monster count
 E = Vault monster count
 F = Vault count percentage of total count
                 A         B        C        D         E       F
            +---------+---------+-------+---------+---------+-------
      Total |     506 |     254 |  33.4 |      70 |      10 |  12.5
            +---------+---------+-------+---------+---------+-------
        D:1 |      49 |       0 |   0.0 |      26 |       0 |   0.0
        D:2 |      17 |       0 |   0.0 |       9 |       0 |   0.0
        D:3 |     300 |      21 |   6.5 |      19 |       6 |  24.0
        D:4 |      42 |       0 |   0.0 |      11 |       0 |   0.0
        D:5 |      98 |     233 |  70.4 |       5 |       4 |  44.4
            +---------+---------+-------+---------+---------+-------
